 Dungeon Crawl Stone Soup version 0.30-a0-672-gc3a7216ad8 (webtiles) character file.

Game seed: 15420420454579942873

112 Dittersdorf the Trooper (level 4, -5/29 HPs)
             Began as a Gargoyle Fighter on Jan 18, 2023.
             Killed from afar by Natasha (8 damage)
             ... with a puff of flame
             ... on level 2 of the Dungeon.
             The game lasted 00:03:14 (1148 turns).

Dittersdorf the Trooper (Gargoyle Fighter)          Turns: 1148, Time: 00:03:14

Health: -5/29      AC: 10    Str: 21    XL:     4   Next: 93%
Magic:  4/4        EV:  9    Int:  9    God:
Gold:   69         SH:  4    Dex:  9    Spells: 3/3 levels left

rFire   . . .      SeeInvis .    a - +0 flail
rCold   . . .      Faith    .    c - +0 buckler
rNeg    + . .      Spirit   .    b - +0 scale mail
rPois   ∞          Reflect  .    (no helmet)
rElec   +          Harm     .    (no cloak)
rCorr   .          Rampage  .    (no gloves)
Will    .....                    (no boots) Stlth
                                 (no amulet)
HPRegen 0.24/turn                (no ring)
MPRegen 0.09/turn                (no ring)

@: slowed, very slow
A: sickness immunity, AC +3, negative energy resistance 1, electricity
resistance, torment resistance 1, petrification resistance
a: no special abilities


You were on level 2 of the Dungeon.
You visited 1 branch of the dungeon, and saw 2 of its levels.

You collected 69 gold pieces.

Inventory:

Hand Weapons
 a - a +0 flail (weapon)
Armour
 b - a +0 scale mail (worn)
 c - a +0 buckler (worn)
Scrolls
 e - a scroll of enchant weapon {unknown}
 f - 2 scrolls of identify {unknown}
 i - a scroll of enchant armour {unknown}
 j - a scroll of magic mapping {unknown}
 k - a scroll of vulnerability {unknown}
Potions
 d - a potion of might
 g - a potion of degeneration {unknown}
 h - a potion of brilliance {unknown}


   Skills:
 + Level 4.1 Fighting
 + Level 2.9 Maces & Flails
 + Level 4.1 Armour
 + Level 4.1 Shields


You had 3 spell levels left.
You didn't know any spells.
Your spell library was empty.

Dungeon Overview and Level Annotations

Branches:
Dungeon (2/15)

Altars:

Annotations:
D:2 Natasha


Innate Abilities, Weirdness & Mutations

You are immune to sickness and miasma.
Your stone body is resilient. (AC +3)
You are immune to poison.
You resist negative energy. (rN+)
You are resistant to electric shocks. (rElec)
You are resistant to unholy torment.
You are immune to petrification.


Message History

Natasha howls an incantation.
Natasha glows brightly for a moment.
Natasha claws you but does no damage.
You closely miss Natasha.
Natasha is severely wounded.
Natasha mumbles some strange words.
You miss Natasha.
Natasha is severely wounded.
Natasha claws you. The crimson imp misses you.
Natasha claws you but does no damage.
You sock Natasha!
You kill Natasha!
Natasha screams in fury as she dies!
The shadow imp disappears in a puff of smoke!
The crimson imp disappears in a puff of smoke! x2
You start resting.
Natasha, Servant of Life and Death comes into view.
She is carrying a wand of flame (22).
Natasha casts a spell at you.
You feel yourself slow down.
You hit Natasha but do no damage.
Natasha zaps a wand.
The puff of flame hits you. Natasha claws you.
You barely miss Natasha. Natasha claws you.
Natasha zaps a wand.
The puff of flame hits you.
You hit Natasha.
Natasha is lightly wounded.
Natasha zaps a wand.
The puff of flame misses you. Natasha claws you.
You hit Natasha but do no damage.
Natasha is lightly wounded.
You block Natasha's attack. Natasha claws you.
You hit Natasha.
Natasha is moderately wounded.
Natasha claws you.
* * * LOW HITPOINT WARNING * * *
Natasha claws you.
* * * LOW HITPOINT WARNING * * *
You barely miss Natasha.
Natasha is moderately wounded.
Natasha mumbles some strange words.
Natasha zaps a wand.
The puff of flame hits you!
You die...

## .# ##### #. .# #...# #.
#.####...##### #.
.............. ###.###
...h..†....### #.....#
..##..........
####.....####..####....####
......!...@h.5.# #....# #
##.#.....###...# ##.#.# #
#.....# #.######....# #
......#.# #...........# ##
#.#####.# #.)#####...## #.
.< #!# #..# ##.#####† . #.#
#.†# #....... #.# #..#
#######. #..# #.)...


You could see Natasha and a shadow imp (summoned).

Vanquished Creatures
  Natasha (twice) (D:2)
  2 adders (D:2)
  7 ball pythons
  3 bats (D:1)
  An endoplasm (D:1)
  A giant cockroach (D:1)
  8 goblins
  A hobgoblin (D:2)
  3 jackals (D:1)
  2 quokkas (D:1)
  3 frilled lizards (D:1)
  5 kobolds (D:1)
  3 rats
  A bush (D:1)
42 creatures vanquished.

Vanquished Creatures (others)
  10 plants (D:1)
10 creatures vanquished.

Grand Total: 52 creatures vanquished

Notes
Turn   | Place    | Note
-------+----------+-------------------------------------------
     0 | D:1      | Dittersdorf the Gargoyle Fighter began the quest for the
                  | Orb.
     0 | D:1      | Reached XP level 1. HP: 14/14 MP: 1/1
   115 | D:1      | Reached XP level 2. HP: 19/19 MP: 2/2
   684 | D:1      | Reached XP level 3. HP: 17/23 MP: 3/3
  1026 | D:2      | Reached XP level 4. HP: 27/29 MP: 4/4
  1046 | D:2      | Noticed Natasha
  1054 | D:2      | Killed Natasha
  1068 | D:2      | Noticed Natasha
  1081 | D:2      | Killed Natasha
  1137 | D:2      | Noticed Natasha
  1148 | D:2      | Killed from afar by Natasha

Illustrated notes

Levels and vault maps discovered:
D:1:      scummos_arrival_star, layout_basic, serial_aquarium,
          aquarium_bridge_square [aquarium_subvault_bridge,
          aquarium_subvault_wall, aquarium_subvault_bridge,
          aquarium_subvault_bridge], aquarium_window_2, aquarium_window_fake,
          aquarium_window_double, aquarium_window_1, aquarium_view_2c,
          amcnicky_mini_rare_corridor_liquid, lexackson_kobold_supper
D:2:      layout_loops_ring, uniq_natasha, uniq_robin

Skill      XL: |  1  2  3  4 |
---------------+-------------+-----
Fighting       | 4 |  4.1
Armour         | 4 |  4.1
Shields        | 4 |  4.1
Maces & Flails | |  2.9

Action                   |  1- 3 |  4- 6 || total
-------------------------+-------+-------++-------
Melee: Flail             |   222 |    25 ||   247
Armor: Scale mail        |   101 |     8 ||   109
Dodge: Dodged            |   102 |     8 ||   110
Block: Buckler           |    50 |     3 ||    53

Table legend: (Time is in decaauts)
 A = Elapsed time spent in this place.
 B = Non-inter-level travel time spent in this place.
 C = Inter-level travel time spent in this place.
 D = Time resting spent in this place.
 E = Time spent auto-exploring this place.
 F = Levels seen in this place.
 G = Mean time per level.
                   A        B        C        D        E       F      G
               +--------+--------+--------+--------+--------+-----+--------+
         Total |   1230 |   1208 |     22 |     78 |    677 |   2 |  615.0 |
       Dungeon |   1230 |   1208 |     22 |     78 |    677 |   2 |  615.0 |
               +--------+--------+--------+--------+--------+-----+--------+

Top non-repeatable levels by time:
     D:1: 908 daAuts
     D:2: 322 daAuts
